 Dungeon Crawl Stone Soup version 0.24.0 (webtiles) character file.

Game seed: 14077415344774432020, levelgen mode: deterministic

1069 Buxparty the Poker (level 8, -4/62 HPs)
             Began as a Mummy Gladiator on Jan 26, 2020.
             Slain by an orc warrior
             ... wielding a +0 trident
              (7 damage)
             ... on level 6 of the Dungeon.
             The game lasted 00:15:28 (6295 turns).

Buxparty the Poker (Mummy Gladiator)                Turns: 6295, Time: 00:15:28

Health: -4/62      AC: 11    Str: 19    XL:     8   Next: 7%
Magic:  8/8        EV:  8    Int:  8    God:
Gold:   243        SH:  0    Dex: 13    Spells: 7/7 levels left

rFire    x . .     SeeInvis .   a - +0 trident
rCold    + . .     Gourm    .   (no shield)
rNeg     + + +     Faith    .   g - +0 chain mail
rPois    ∞         Spirit   .   c - +0 helmet
rElec    .         Reflect  .   (no cloak)
rCorr    .         Harm     .   (no gloves)
MR       +....                  p - +0 pair of boots
Stlth    ..........             (no amulet)
HPRegen  0.20/turn              k - ring of stealth
MPRegen  0.11/turn              (no ring)

@: no status effects
A: no food or potions, fire vulnerability, cold resistance 1, negative energy
resistance 3, torment resistance, unbreathing
a: no special abilities


You were on level 6 of the Dungeon.
You were not hungry.

You visited 1 branch of the dungeon, and saw 6 of its levels.

You collected 243 gold pieces.

Inventory:

Hand Weapons
 a - a +0 trident (weapon)
 b - a +1 hunting sling of freezing
Missiles
 d - 3 throwing nets (quivered)
 f - 29 sling bullets
Armour
 c - a +0 helmet (worn)
 g - a +0 chain mail (worn)
 p - a +0 pair of boots (worn)
Jewellery
 k - a ring of stealth (left hand)
Wands
 o - a wand of acid (7)
Scrolls
 e - 2 scrolls of teleportation {unknown}
 h - 6 scrolls of remove curse {unknown}
 i - 5 scrolls of enchant weapon {unknown}
 j - a scroll of blinking {unknown}
 l - a scroll of fear {unknown}
 m - a scroll of immolation {unknown}
 n - a scroll of magic mapping {unknown}
 q - 2 scrolls of identify {unknown}
 r - 2 scrolls of amnesia {unknown}
 s - a scroll of enchant armour {unknown}


   Skills:
 + Level 5.0 Fighting
 * Level 6.1 Polearms
 + Level 0.4(1.1) Slings
 - Level 1.5(1.6) Throwing
 + Level 3.4 Armour
 - Level 2.6 Dodging


You had 7 spell levels left.
You didn't know any spells.
Your spell library contained the following spells:

 Spells                   Type           Power        Failure   Level  Hunger
 Infusion                 Chrm           #...         99%         1    N/A
 Shroud of Golubria       Chrm/Tloc      #.....       100%        2    N/A
 Song of Slaying          Chrm           #.......     100%        2    N/A
 Spectral Weapon          Hex/Chrm       #.......     100%        3    N/A
 Regeneration             Chrm/Necr      Unusable     N/A         3    N/A

Dungeon Overview and Level Annotations

Branches:
Dungeon (6/15)
 Temple: D:4-7

Altars:
Elyvilon
Makhleb
Okawaru
Qazlal
Sif Muna
Trog


Innate Abilities, Weirdness & Mutations

You do not eat or drink.
Your flesh is vulnerable to fire.
You are immune to poison.
Your flesh is cold resistant. (rC+)
You are immune to negative energy. (rN+++)
You are immune to unholy pain and torment.
You can survive without breathing.


Message History

Aim: an orc warrior, wielding a +0 trident and wearing a +0 chain mail (almost dead)
You reach to attack!
You hit the orc warrior but do no damage.
The orc warrior is almost dead.
The orc warrior hits you from afar with a +0 trident.
* * * LOW HITPOINT WARNING * * *
Attack whom?
Press: ? - help, Dir - move target cursor, f/p - orc warrior
Aim: an orc warrior, wielding a +0 trident and wearing a +0 chain mail (almost dead)
You reach to attack!
You barely miss the orc warrior.
The orc warrior is almost dead.
The orc warrior hits you from afar with a +0 trident!
* * * LOW HITPOINT WARNING * * *
Attack whom?
Press: ? - help, Dir - move target cursor, f/p - orc warrior
Aim: an orc warrior, wielding a +0 trident and wearing a +0 chain mail (almost dead)
You reach to attack!
You closely miss the orc warrior.
The orc warrior is almost dead.
The orc warrior hits you from afar with a +0 trident!
You die...

#.....##o......## #.....
#.....###%....## ......
#########.######(######
.....#
.......##........#....##
....#
.............)[.(.......
.....
.......#.......[..###.##
#####.##..##.###o##
#.......)###.#
####..#...##@#
##.....##.# #.†......##
## ###†##......###...
#...#....##......#
##.†#.##.##.......
##.#.##..........
#########.#.##........#
<......##...............


You could see an orc warrior.

Vanquished Creatures
  2 sky beasts (D:5)
  An ogre (D:4)
  2 centaurs (D:5)
  A bullfrog zombie (D:5)
  A crimson imp (D:5)
  2 hounds (D:6)
  6 orc wizards
  2 orc priests (D:4)
  A bullfrog skeleton (D:4)
  A worker ant (D:3)
  A worker ant zombie (D:5)
  8 adders
  2 oozes (D:4)
  An adder skeleton (D:5)
  4 worms
  2 dart slugs
  6 leopard geckos
  21 orcs
  4 giant cockroaches
  8 goblins
  7 hobgoblins
  6 jackals
  4 quokkas
  A ball python (D:3)
  10 bats
  8 frilled lizards
  8 kobolds
  2 leopard gecko skeletons
  5 rats
127 creatures vanquished.

Notes
Turn   | Place    | Note
-------+----------+-------------------------------------------
     0 | D:1      | Buxparty the Mummy Gladiator began the quest for the Orb.
     0 | D:1      | Reached XP level 1. HP: 16/16 MP: 1/1
    75 | D:1      | Reached XP level 2. HP: 17/22 MP: 2/2
   311 | D:1      | Reached skill level 3 in Polearms
   376 | D:1      | Reached XP level 3. HP: 28/28 MP: 3/3
  1625 | D:2      | Found a shimmering blue altar of Sif Muna.
  1760 | D:3      | Reached XP level 4. HP: 17/34 MP: 4/4
  2072 | D:3      | Reached skill level 1 in Armour
  2178 | D:3      | Reached XP level 5. HP: 33/41 MP: 5/5
  2400 | D:3      | Found a white marble altar of Elyvilon.
  2402 | D:3      | Found a faded altar of an unknown god.
  2706 | D:3      | Reached skill level 4 in Polearms
  2854 | D:3      | Found a stormy altar of Qazlal.
  3160 | D:4      | Noticed a phantom
  3344 | D:4      | Reached XP level 6. HP: 30/47 MP: 6/6
  3845 | D:4      | Found an iron altar of Okawaru.
  4586 | D:4      | Reached skill level 5 in Polearms
  4595 | D:4      | Found a bloodstained altar of Trog.
  4670 | D:4      | Found a burning altar of Makhleb.
  4706 | D:5      | Entered Level 5 of the Dungeon
  4775 | D:5      | Reached XP level 7. HP: 27/54 MP: 7/7
  5915 | D:6      | Reached skill level 6 in Polearms
  5915 | D:6      | Reached XP level 8. HP: 43/61 MP: 8/8
  5941 | D:6      | Reached skill level 5 in Fighting
  6294 | D:6      | HP: 3/62 [orc warrior/+0 trident (10)]
  6295 | D:6      | Slain by an orc warrior

Levels and vault maps discovered:
D:1:      psy_arrival_terrarium, layout_basic, serial_forest,
          infiniplex_forest_lined_2, infiniplex_forest_lined_3,
          infiniplex_forest_fountain, infiniplex_forest_side_room,
          infiniplex_forest_lined_2, infiniplex_forest_straight_5,
          feat_on_display
D:2:      layout_basic, marbit_many_paths
D:3:      layout_loops_ring, nicolae_qazlal_eye_of_the_storm,
          overflow_temple_1_default, chequers_ecumenical_altar_simple_redux,
          ebering_dispersal_statue_hall
D:4:      layout_basic, okawaru_gym_becter, lemuel_coloured_pillars_altar,
          kennysheep_little_box, first_ration
D:5:      layout_basic
D:6:      layout_rooms, nemelex_xobeh_ov_fountains_minmay, temple_pool_b
